 Dungeon Crawl Stone Soup version 0.23-a0-416-g33f1def (webtiles) character file.

6199 GizzardofKazz the Severer (level 10, -7/94 HPs)
             Began as a Minotaur Berserker on Nov 9, 2018.
             Was a High Priest of Trog.
             Killed from afar by Spaninq's ghost (14 damage)
             ... with a sticky flame
             ... on level 9 of the Dungeon.
             The game lasted 00:33:58 (8629 turns).

GizzardofKazz the Severer (Minotaur Berserker)      Turns: 8629, Time: 00:33:58

Health: -7/94      AC: 12    Str: 28      XL:     10   Next: 61%
Magic:  9/9        EV:  9    Int:  0 (1)  God:    Trog [*****.]
Gold:   428        SH:  0    Dex:  7 (10) Spells: 9/9 levels left

rFire    . . .     SeeInvis +   d - +1 war axe (chop)
rCold    . . .     Gourm    .   (no shield)
rNeg     . . .     Faith    .   C - +0 chain mail
rPois    .         Spirit   .   (helmet restricted)
rElec    +         Reflect  .   o - +0 cloak
rCorr    +         Harm     .   x - +0 pair of gloves
MR       +++++                  h - +0 pair of boots
Stlth    ..........             (no amulet)
HPRegen  1.25/turn              b - ring of No Interval {rElec MR+++ Str+3 Int-3 Stlth+}
MPRegen  0.11/turn              t - ring of Xom's Bemusement {rCorr SInv}

@: liquid flames, berserk cooldown, regenerating, slowed, lost intelligence,
glowing, very slow
A: retaliatory headbutt, horns 2
a: Berserk, Trog's Hand, Brothers in Arms, Renounce Religion


You were on level 9 of the Dungeon.
You worshipped Trog.
Trog was extremely pleased with you.
You were hungry.

You visited 2 branches of the dungeon, and saw 10 of its levels.
You also visited: Ossuary.

You collected 428 gold pieces.

Inventory:

Hand Weapons
 a - a +0 hand axe
 d - a +1 war axe of chopping (weapon)
Missiles
 z - 3 throwing nets (quivered)
Armour
 h - a +0 pair of boots (worn)
 o - a +0 cloak (worn)
 x - a +0 pair of gloves (worn)
 C - a +0 chain mail (worn)
Jewellery
 b - the ring of No Interval (left hand) {rElec MR+++ Str+3 Int-3 Stlth+}
   (You found it on level 5 of the Dungeon)

   [ring of strength]

   It affects your strength (+3).
   It affects your intelligence (-3).
   It insulates you from electricity.
   It affects your resistance to hostile enchantments.
   It makes you more stealthy.
 q - an uncursed ring of poison resistance
 t - the ring of Xom's Bemusement (right hand) {rCorr SInv}
   (You found it on level 5 of the Dungeon)

   [ring of resist corrosion]

   It lets you see invisible.
Wands
 m - a wand of polymorph (11)
 r - a wand of acid (6)
 s - a wand of flame (38)
 A - a wand of digging (3)
 B - a wand of disintegration (21)
 I - a wand of paralysis (5)
Scrolls
 e - 6 scrolls of teleportation
 i - a scroll of blinking
 j - 2 scrolls of enchant armour {unknown}
 v - 3 scrolls of amnesia {unknown}
 w - a scroll of brand weapon
 y - 7 scrolls of remove curse
 L - a scroll of enchant weapon {unknown}
Potions
 k - 4 potions of might
 l - 4 potions of curing
 n - 4 potions of flight
 p - a potion of magic
 u - a potion of berserk rage
 E - a potion of mutation
 H - a potion of lignification
 J - a potion of brilliance
Comestibles
 c - 14 rations
 M - 6 chunks of flesh


   Skills:
 + Level 10.5 Fighting
 + Level 15.6 Axes
 + Level 3.7 Armour
 - Level 2.1 Dodging


You had 9 spell levels left.
You didn't know any spells.
Your spell library was empty.

Dungeon Overview and Level Annotations

Branches:
Dungeon (9/15)             Temple (1/1) D:6            Lair (0/6) D:8
    Orc: D:9-12

Altars:
Ashenzari
Cheibriados
Dithmenos
Elyvilon
Fedhas
Gozag
Hepliaklqana
Kikubaaqudgha
Makhleb
Nemelex Xobeh
Okawaru
Qazlal
Ru
Sif Muna
Trog
Uskayaw
Vehumet
Xom
Yredelemnul
Zin
The Shining One

Annotations:
D:3 1 transporter
D:9 1 transporter, Spaninq's ghost, journeyman DrCj


Innate Abilities, Weirdness & Mutations

You reflexively headbutt those who attack you in melee.
You have a pair of horns on your head.


Message History

Spaninq's ghost hits you but does no damage.
Unknown command.
You miss Spaninq's ghost.
Spaninq's ghost is moderately damaged.
You completely miss Spaninq's ghost. Your headbutt misses Spaninq's ghost.
Spaninq's ghost is moderately damaged.
You are no longer berserk.
You are exhausted.
You feel yourself slow down.
Spaninq's ghost gestures at you while chanting.
The magic dart hits you!
You barely miss Spaninq's ghost. Your headbutt misses Spaninq's ghost.
Spaninq's ghost is lightly damaged.
Spaninq's ghost hits you but does no damage.
You closely miss Spaninq's ghost. Your headbutt misses Spaninq's ghost.
Spaninq's ghost is lightly damaged.
Spaninq's ghost sprays you with burning goo.
The sticky flame hits you!
You are covered in liquid flames!
You die...

†=# ..... ..# ...
..# #.. . ###..
..# #..#
##.##.##### ..#
#..# #..#......##
# ..# #(.#
#.##$.#....##.#
..# #..# #.#
#...#...#.# ..#
#..#
#.#..#.##..##.#
#..###.##.#.@W#.#
#.......#)#.....#
#..##..©#)=.©#...#
#..###..#$.#...#.#
#..# #.##.....#.##
#..# #.#..#.#...#
..# #..#
#.#..#.#...# ..#
#..# #.##..? ..©#
..# #..# #.. #.
.###.


You could see Spaninq's ghost.

Vanquished Creatures
  Harold (D:9)
  Pikel (D:7)
  Joseph (D:7)
  2 hornets
  A hippogriff (D:9)
  Prince Ribbit (D:7)
  Sigmund (D:4)
  The ghost of landosteak the Slasher, an amateur MiBe of Trog (D:6)
  Eustachio (D:5)
  A neqoxec (D:9)
  The ghost of Wapistan the Conjurer, an amateur DsWz (D:3)
  A hornet zombie (D:9)
  Duvessa (D:4)
  A sky beast (D:8)
  2 black bears
  2 orc warriors (D:9)
  An ice beast (D:9)
  A phantom (D:8)
  4 slaves (D:7)
  An ogre (D:8)
  4 centaurs
  2 big kobolds
  2 bullfrogs
  Blork the orc (D:6)
  A scorpion (D:7)
  Dowan (D:4)
  5 wights (D:6)
  2 crimson imps
  A howler monkey (D:5)
  An orc priest (D:7)
  A bullfrog zombie (D:7)
  4 hounds
  6 quasits
  A centaur zombie (D:5)
  A gnoll shaman (D:6)
  A human zombie (Ossuary)
  An iguana (D:4)
  Ijyb (D:3)
  5 worker ants
  5 orc wizards
  A big kobold zombie (Ossuary)
  A hound zombie (D:5)
  A hound skeleton (D:6)
  4 mummies (Ossuary)
  4 worker ant zombies
  13 gnolls
  A howler monkey skeleton (D:4)
  17 adders
  2 adder zombies (Ossuary)
  An adder skeleton (D:7)
  4 worms
  A dart slug (D:1)
  5 leopard geckos
  30 orcs
  2 ball pythons
  7 bats
  2 giant cockroaches
  7 goblins
  4 hobgoblins
  7 jackals
  6 quokkas
  6 frilled lizards
  2 hobgoblin zombies (Ossuary)
  17 kobolds
  2 kobold zombies (Ossuary)
  An orc zombie (Ossuary)
  A quokka skeleton (D:7)
  4 rats
  3 rat zombies (Ossuary)
228 creatures vanquished.

Notes
Turn   | Place    | Note
-------+----------+-------------------------------------------
     0 | D:1      | GizzardofKazz the Minotaur Berserker began the quest for
                  | the Orb.
     0 | D:1      | Reached XP level 1. HP: 19/19 MP: 0/0
    37 | D:1      | Reached skill level 4 in Axes
    42 | D:1      | Reached XP level 2. HP: 14/26 MP: 1/1
   571 | D:1      | Reached skill level 5 in Axes
   571 | D:1      | Reached XP level 3. HP: 31/31 MP: 2/2
   725 | D:1      | Reached ** piety under Trog
  1323 | D:2      | Reached skill level 6 in Axes
  1323 | D:2      | Reached XP level 4. HP: 39/39 MP: 3/3
  1994 | D:2      | Found a deep blue altar of Sif Muna.
  2219 | D:3      | Reached XP level 5. HP: 34/45 MP: 4/4
  2234 | D:3      | Reached skill level 7 in Axes
  2392 | D:3      | Found a white marble altar of Elyvilon.
  2496 | D:3      | Found a transporter.
  2497 | D:3      | Noticed Wapistan's ghost (amateur DsWz)
  2499 | D:3      | Reached *** piety under Trog
  2521 | D:3      | Found a transporter.
  3122 | D:3      | Noticed Ijyb
  3129 | D:3      | Killed Ijyb
  3129 | D:3      | Reached skill level 8 in Axes
  3238 | D:3      | Killed Wapistan's ghost
  3238 | D:3      | Reached XP level 6. HP: 51/51 MP: 5/5
  3239 | D:3      | Reached skill level 9 in Axes
  3411 | D:4      | Noticed Duvessa
  3411 | D:4      | Noticed Dowan
  3416 | D:4      | Killed Dowan
  3416 | D:4      | Reached XP level 7. HP: 57/57 MP: 6/6
  3421 | D:4      | Killed Duvessa
  3421 | D:4      | Reached skill level 10 in Axes
  3883 | D:4      | Found a radiant altar of Vehumet.
  3917 | D:4      | Noticed Sigmund
  3934 | D:4      | Killed Sigmund
  3934 | D:4      | Reached skill level 11 in Axes
  4087 | D:5      | Entered Level 5 of the Dungeon
  4097 | D:5      | Reached XP level 8. HP: 48/64 MP: 7/7
  4154 | D:5      | Got a warped iron ring
  4181 | D:5      | Got a scintillating lead ring
  4190 | D:5      | Found a sand-covered staircase.
  4195 | Ossuary  | Entered an ossuary
  4207 | Ossuary  | Reached **** piety under Trog
  4438 | D:5      | Identified the ring of No Interval {rElec MR+++ Str+3 Int-3
                  | Stlth+} (You found it on level 5 of the Dungeon)
  4440 | D:5      | Identified the ring of Xom's Bemusement {rCorr SInv} (You
                  | found it on level 5 of the Dungeon)
  4455 | D:5      | Reached skill level 12 in Axes
  4596 | D:5      | Noticed Eustachio
  4611 | D:5      | Killed Eustachio
  4611 | D:5      | Reached skill level 13 in Axes
  4743 | D:6      | Noticed Blork the orc
  4745 | D:6      | Killed Blork the orc
  4860 | D:6      | Found a staircase to the Ecumenical Temple.
  4893 | Temple   | Entered the Ecumenical Temple
  5198 | D:6      | Reached skill level 5 in Fighting
  5515 | D:6      | Reached XP level 9. HP: 74/74 MP: 8/8
  5782 | D:6      | Found a large runed door.
  5783 | D:6      | Found a large runed door.
  5784 | D:6      | Noticed landosteak's ghost (amateur MiBe)
  5793 | D:6      | Killed landosteak's ghost
  6168 | D:7      | Noticed Pikel
  6181 | D:7      | Killed Pikel
  6181 | D:7      | Reached skill level 14 in Axes
  6476 | D:7      | Noticed Prince Ribbit
  6485 | D:7      | Killed Prince Ribbit
  6601 | D:7      | Reached ***** piety under Trog
  6636 | D:7      | You fall through a shaft for 2 floors!
  6706 | D:9      | Noticed Harold
  6722 | D:9      | Killed Harold
  6722 | D:9      | Reached XP level 10. HP: 41/91 MP: 9/9
  7113 | D:8      | Found a staircase to the Lair.
  7233 | D:8      | Paralysed by a hornet for 1 turns
  7240 | D:8      | Reached skill level 15 in Axes
  8074 | D:7      | Noticed Joseph
  8086 | D:7      | Killed Joseph
  8086 | D:7      | Reached skill level 10 in Fighting
  8568 | D:9      | Found a transporter.
  8568 | D:9      | Noticed Spaninq's ghost (journeyman DrCj)
  8573 | D:9      | Found a transporter.
  8578 | D:9      | Lost intelligence.
  8583 | D:9      | Received a gift from Trog
  8622 | D:9      | HP: 7/141 [burnt (2)]
  8624 | D:9      | HP: 3/141 [burnt (2)]
  8629 | D:9      | Killed from afar by Spaninq's ghost

Vault maps used:
D:1:      giann_bridges, kennysheep_pointless_box
D:2:      overflow_temple_1_default
D:3:      elyvilon_altar_5, gammafunk_ghost_stat_death, first_ration,
          st_stairs_4, uniq_ijyb
D:4:      vehumet_altar_wand_db, kennysheep_generic_room_7, uniq_duvessa,
          uniq_sigmund
D:5:      enter_ossuary_2, uniq_eustachio
D:6:      minmay_temple_entry_statues_fountains, ebering_ghost_disaster_area,
          hangedman_decor_clover_reticule, uniq_blork_the_orc
D:7:      uniq_pikel, uniq_joseph, uniq_prince_ribbit1
D:8:      lair_entry_dummy
D:9:      kennysheep_mini_moat, david_orc_1_choice, gammafunk_ghost_stat_death,
          uniq_harold
Temple:   dpeg_five_rooms_temple
Ossuary:  ossuary_minmay_tomb_2a

Skill      XL: |  1  2  3  4  5  6  7  8  9 10 |
---------------+-------------------------------+-----
Axes           | 4 5 6 8 9 11 13 14 15 | 15.6
Fighting       | 5 9 10 | 10.5
Armour         | 3 |  3.7
Dodging        | |  2.1

Action                   |  1- 3 |  4- 6 |  7- 9 | 10-12 || total
-------------------------+-------+-------+-------+-------++-------
Melee: Hand axe          |    74 |    39 |       |       ||   113
       Headbutt          |    11 |    18 |    44 |    24 ||    97
       War axe           |       |    53 |   243 |   125 ||   421
Throw: Throwing net      |       |       |     1 |       ||     1
Invok: Berserk           |     1 |     4 |     6 |     2 ||    13
       Trog's Hand       |       |     1 |     2 |     2 ||     5
  Use: Scroll            |       |     4 |     9 |     4 ||    17
       Potion            |       |       |       |     9 ||     9
 Stab: Sleeping          |     1 |     1 |       |       ||     2
  Eat: Chunk             |     2 |     7 |    10 |     2 ||    21
       Ration            |       |     1 |     2 |     2 ||     5
Armor: Animal skin       |    11 |     8 |       |       ||    19
       Scale mail        |       |    13 |    40 |       ||    53
       Chain mail        |       |       |    33 |   139 ||   172
Dodge: Dodged            |    37 |    81 |   109 |    96 ||   323

Table legend:
 A = Non-vault XP
 B = Vault XP
 C = Vault XP percentage of total XP
 D = Non-vault monster count
 E = Vault monster count
 F = Vault count percentage of total count
                 A         B        C        D         E       F
            +---------+---------+-------+---------+---------+-------
      Total |    4556 |    4300 |  48.6 |     182 |      42 |  18.8
            +---------+---------+-------+---------+---------+-------
        D:1 |      52 |       0 |   0.0 |      23 |       0 |   0.0
        D:2 |     112 |       0 |   0.0 |      23 |       0 |   0.0
        D:3 |     128 |     358 |  73.7 |      27 |       8 |  22.9
        D:4 |     221 |     424 |  65.7 |      16 |       4 |  20.0
        D:5 |     654 |     196 |  23.1 |      18 |       1 |   5.3
        D:6 |     644 |     292 |  31.2 |      26 |       2 |   7.1
        D:7 |     603 |    1311 |  68.5 |      19 |       3 |  13.6
        D:8 |    1054 |       0 |   0.0 |      14 |       0 |   0.0
        D:9 |    1088 |    1563 |  59.0 |      16 |       8 |  33.3
    Ossuary |       0 |     156 | 100.0 |       0 |      16 | 100.0
            +---------+---------+-------+---------+---------+-------
